 Dungeon Crawl Stone Soup version 0.31-a0-198-g2ad674f65e (webtiles) character file.

Game seed: 7139313102690823636

387 Gorgondantess the Cudgeller (level 6, -4/56 HPs)
             Began as an Armataur Warper on June 25, 2023.
             Slain by an orc wizard
             ... wielding a +1 dagger of electrocution
              (18 damage)
             ... on level 4 of the Dungeon.
             The game lasted 00:08:38 (3552 turns).

Gorgondantess the Cudgeller (Armataur Warper)       Turns: 3552, Time: 00:08:39

Health: -4/56      AC:  6    Str: 17    XL:     6   Next: 49%
Magic:  8/8        EV:  9    Int: 15    God:
Gold:   236        SH:  0    Dex:  9    Spells: 4/8 levels left

rFire   . . .        a - +0 mace
rCold   . . .        (no shield)
rNeg    . . .        b - +0 leather armour
rPois   .            l - +0 helmet
rElec   .            t - +0 cloak
rCorr   .            (no gloves)
SInv    +            (no barding)
Will    .....        u - amulet of reflection Stlth
                     m - ring of flight
HPRegen 0.29/turn    q - ring of see invisible
MPRegen 0.11/turn

%: reflection, roll
@: confused, flying, hasted, very quick
A: large, rugged brown scales 3, deformed body, armoured tail, roll, long
tongue, awkward tongue
a: no special abilities


You were on level 4 of the Dungeon.
You visited 1 branch of the dungeon, and saw 4 of its levels.
You also visited: Sewer.

You collected 236 gold pieces.

Inventory:

Hand Weapons
 a - a +0 mace (weapon)
 g - a +2 dagger of holy wrath
 v - a +0 flail
Missiles
 d - 7 boomerangs of dispersal (quivered)
Armour
 b - a +0 leather armour (worn)
 l - a +0 helmet (worn)
 t - a +0 cloak (worn)
Jewellery
 m - a ring of flight (left hand)
 q - a ring of see invisible (right hand)
 u - an amulet of reflection (around neck)
Scrolls
 c - a scroll of blinking
 f - 3 scrolls of fear
 j - a scroll of enchant weapon {unknown}
 k - 4 scrolls of teleportation {unknown}
 o - a scroll of amnesia {unknown}
 p - a scroll of revelation {unknown}
 r - a scroll of vulnerability {unknown}
 s - 2 scrolls of poison {unknown}
 x - a scroll of enchant armour {unknown}
Potions
 n - 6 potions of enlightenment


   Skills:
 + Level 4.6 Fighting
 + Level 4.6 Maces & Flails
 - Level 0.8 Throwing
 - Level 1.2 Armour
 - Level 1.3 Dodging
 - Level 1.7 Spellcasting
 - Level 3.0 Translocations


You had 4 spell levels left.
You knew the following spells:

 Your Spells              Type           Power      Damage    Failure   Level
a - Blink                 Tloc           20%        N/A       12%         2
b - Lesser Beckoning      Tloc           20%        N/A       12%         2

Your spell library contained the following spells:

 Spells                   Type           Power      Damage    Failure   Level
 Teleport Other           Tloc           10%        N/A       24%         3
 Vhi's Electric Charge    Tloc/Air       10%        N/A       41%         3
 Manifold Assault         Tloc           10%        N/A       61%         4
 Ozocubu's Armour         Ice            1%         N/A       63%         3
 Metabolic Englaciation   Hex/Ice        0%         N/A       100%        5
 Simulacrum               Ice/Necr       0%         N/A       100%        6


Dungeon Overview and Level Annotations

Branches:
Dungeon (4/15)             Temple (0/1) D:4           Sewer (visited)

Altars:
Fedhas
Gozag
Vehumet
Wu Jian
The Shining One

Shops:
D:1 (


Innate Abilities, Weirdness & Mutations

You are completely covered in rugged brown scales. (AC +3, +7% HP)
Armour fits poorly on your strangely shaped body.
You have a long armoured tail.
You roll when moving toward enemies. (Rampage)
Your long tongue fully drains potion bottles. (2x potion effects)
Your tongue gives you trouble enunciating. (1.5x scroll delay)


Message History

You feel much better.
You slurp down every last drop of the potion of heal wounds!
You closely miss the orc wizard.
The orc wizard is severely wounded.
The orc hits you but does no damage.
The orc priest invokes the aid of Beogh against you.
Pain shoots through your body!
The orc wizard gestures at you while chanting.
You are confused.
You closely miss the orc priest. The orc hits you but does no damage.
The orc wizard barely misses you.
The orc priest mumbles some strange prayers to Beogh against you.
Pain shoots through your body!
You bump into the rock wall.
Unknown command.
You bump into the crystal wall.
The orc hits you with a +0 flail.
The orc priest hits you with a +0 short sword.
The orc wizard hits you but does no damage.
You are electrocuted!
You bump into the rock wall.
The orc barely misses you. The orc wizard casts a spell at you.
The puff of flame misses you.
The puff of flame hits the orc.
The orc priest hits you but does no damage.
Unknown command.
You hit the orc wizard.
The orc wizard is almost dead.
The orc wizard casts a spell.
The orc wizard flickers and vanishes for a moment.
The orc priest closely misses you. The orc barely misses you.
Unknown command.
You barely miss the orc.
The orc is heavily wounded.
You bump into the rock wall.
The orc misses you.
The orc priest mumbles some strange prayers to Beogh against you.
Beogh smites you!
* * * LOW HITPOINT WARNING * * *
The orc wizard hits you with a +1 dagger of electrocution.
* * * LOW HITPOINT WARNING * * *
You are electrocuted!!
You die...

#..# ###...# ..
###..# ##....## .#
....###....## ##.#
...##......##...#
###
#.............#
#...
#...........###
#...)
#..........##
#.....#o........##
#..>.oo@###......#
#....o#o#
###.....# #....
#.# #####..# #...
#.# #.# ### #.#
#.# ..# #.. ### #.


You could see an orc priest, an orc wizard (invisible) and 3 orcs.

Vanquished Creatures
  A howler monkey (D:4)
  A hound (D:4)
  7 river rats
  13 adders
  7 worms
  A dart slug (D:2)
  2 orcs
  13 ball pythons
  8 endoplasms
  4 giant cockroaches
  8 goblins
  6 hobgoblins
  15 jackals
  3 quokkas
  10 bats
  3 frilled lizards
  10 kobolds
  5 rats
117 creatures vanquished.

Notes
Turn   | Place    | Note
-------+----------+-------------------------------------------
     0 | D:1      | Gorgondantess the Armataur Warper began the quest for the
                  | Orb.
     0 | D:1      | Reached XP level 1. HP: 18/18 MP: 3/3
   307 | D:1      | Found Fythrisk's Antique Weapon Emporium.
   360 | D:1      | Reached XP level 2. HP: 25/25 MP: 4/4
   972 | D:1      | Found a faded altar of an unknown god.
  1053 | D:2      | Reached XP level 3. HP: 32/32 MP: 5/5
  1587 | D:2      | Reached XP level 4. HP: 40/40 MP: 6/6
  1590 | D:2      | Learned a level 2 spell: Blink
  1593 | D:2      | Learned a level 2 spell: Lesser Beckoning
  1798 | D:3      | Found a radiant altar of Vehumet.
  1877 | D:3      | Found a glowing golden altar of the Shining One.
  1967 | D:3      | Found an opulent altar of Gozag.
  1973 | D:3      | Found an ornate altar of the Wu Jian Council.
  1991 | D:3      | Found a blossoming altar of Fedhas.
  2397 | D:4      | Reached XP level 5. HP: 22/48 MP: 7/7
  2663 | D:4      | Found a glowing drain.
  2777 | Sewer    | Entered a sewer
  2876 | Sewer    | Reached XP level 6. HP: 51/55 MP: 8/8
  3531 | D:4      | Found a staircase to the Ecumenical Temple.
  3552 | D:4      | Slain by an orc wizard

Illustrated notes

Levels and vault maps discovered:
D:1:      dpeg_arrival_arbitrary_a, layout_basic,
          shapermc_ecumenical_altar_mp_ritualfount, serial_shops, shop,
          dreamdust_wishing_well, nicolae_eternal_life, st_stairs_12
D:2:      layout_loops_cross
D:3:      layout_basic, mainiacjoe_overflow_concentric_impassable,
          nicolae_vehumet_radiance, mainiacjoe_overflow_boulevard, minitemple,
          serial_bayou_pond_e
D:4:      layout_layer_cave, temple_green, lightli_sewer_entry_pipes,
          grunt_ministairs_13, solitary_fountain

Skill      XL: |  1  2  3  4  5 |
---------------+----------------+-----
Fighting       | 2 3 4 |  4.6
Maces & Flails | 2 3 4 |  4.6
Throwing       | |  0.8
Armour         | |  1.2
Dodging        | |  1.3
Spellcasting   | |  1.7
Translocations | |  3.0

Action                     |  1- 3 |  4- 6 || total
---------------------------+-------+-------++-------
  Melee: Mace              |   146 |   301 ||   447
         Tailslap          |    15 |    26 ||    41
         Punch             |       |     1 ||     1
    Use: Scroll            |       |     5 ||     5
         Potion            |       |     4 ||     4
 Armour: Leather armour    |    57 |   132 ||   189
  Dodge: Dodged            |    85 |   164 ||   249
  Block: Other             |       |    68 ||    68
         Reflection        |       |     1 ||     1

Table legend: (Time is in decaauts)
 A = Elapsed time spent in this place.
 B = Non-inter-level travel time spent in this place.
 C = Inter-level travel time spent in this place.
 D = Time resting spent in this place.
 E = Time spent auto-exploring this place.
 F = Levels seen in this place.
 G = Mean time per level.
                   A        B        C        D        E       F      G
               +--------+--------+--------+--------+--------+-----+--------+
         Total |   3645 |   3602 |     43 |    143 |   2295 |   5 |  729.0 |
       Dungeon |   2942 |   2899 |     43 |     81 |   1939 |   4 |  735.5 |
         Sewer |    702 |    702 |      0 |     62 |    356 |   1 |  702.0 |
               +--------+--------+--------+--------+--------+-----+--------+

Top non-repeatable levels by time:
     D:1: 1067 daAuts
     D:2: 725 daAuts
   Sewer: 702 daAuts
     D:4: 574 daAuts
     D:3: 574 daAuts
